 Dungeon Crawl Stone Soup version 0.24-a0-446-g87df7205b4 (webtiles) character file.

Game seed: 10015261275999789077

134198 Gynju the Warrior (level 16, -5/155 HPs)
             Began as a Minotaur Fighter on June 19, 2019.
             Was the Champion of Okawaru.
             Slain by a swamp dragon (10 damage)
             ... on level 3 of the Swamp on June 23, 2019.
             The game lasted 01:13:39 (27906 turns).

Gynju the Warrior (Minotaur Fighter)               Turns: 27906, Time: 01:13:40

Health: -5/155     AC:  0    Str: 29    XL:     16   Next: 61%
Magic:  22/22      EV: 13    Int:  5    God:    Okawaru [******]
Gold:   3252       SH:  2    Dex: 11    Spells: 15/15 levels left

rFire    . . .     SeeInvis .   (weapon currently unavailable)
rCold    . . .     Gourm    .   (shield currently unavailable)
rNeg     . . .     Faith    .   (armour currently unavailable)
rPois    .         Spirit   .   (helmet currently unavailable)
rElec    .         Reflect  +   (cloak currently unavailable)
rCorr    .         Harm     .   (gloves currently unavailable)
MR       +....                  (boots currently unavailable)
Stlth    +.........             A - +2 amulet of reflection
HPRegen  0.35/turn              (ring currently unavailable)
MPRegen  0.18/turn              (ring currently unavailable)

@: pig-form, very quick
A: small, (retaliatory headbutt), strong 1
a: Heroism, Finesse, Renounce Religion


You were on level 3 of the Swamp.
You worshipped Okawaru.
Okawaru was exalted by your worship.
You were not hungry.
You were a filthy swine.
You visited 5 branches of the dungeon, and saw 27 of its levels.
You also visited: Gauntlet and Volcano.

You collected 3252 gold pieces.

Inventory:

Hand Weapons
 G - the +6 shillelagh "Devastator" (melded) {shatter}
   (Okawaru gifted it to you on level 9 of the Dungeon)
 H - the +5 demon whip "Spellbinder" {antimagic, MR+}
   (You found it on level 4 of the Lair of Beasts)

   It reduces the magical energy of the wielder, and disrupts the spells and
   magical abilities of those hit.
   Natural abilities and divine invocations are not affected.
   It affects your resistance to hostile enchantments.
Missiles
 g - 8 silver javelins
 p - 726 stones (quivered)
 T - 22 javelins
Armour
 b - a +2 plate armour of fire resistance
 u - a +1 shield of protection (melded)
 E - a +1 pair of gloves (melded)
 N - a scarf of spirit shield (melded)
 O - a +2 hat (melded)
 U - the +8 orange crystal plate armour (melded) {Archmagi, Int+3 Clar}
   (You took it off a minotaur in a Gauntlet)

   It affects your intelligence (+3).
   It protects you against confusion.
 W - a +1 pair of boots of flying (melded)
Jewellery
 A - a +2 amulet of reflection (around neck)
 D - a ring of positive energy (melded)
 Y - the ring "Oppyreedd" (melded) {rElec rC+ Int+5}
   (You found it on level 6 of the Lair of Beasts)

   [ring of protection from cold]

   It affects your intelligence (+5).
   It protects you from cold.
   It insulates you from electricity.
Wands
 s - a wand of random effects (62)
 t - a wand of flame (59)
 w - a wand of iceblast (19)
 y - a wand of paralysis (10)
 I - a wand of acid (50)
 L - a wand of disintegration (25)
 V - a wand of polymorph (33)
Scrolls
 i - 2 scrolls of magic mapping
 j - 2 scrolls of amnesia
 k - 4 scrolls of enchant armour
 m - 9 scrolls of identify
 n - 5 scrolls of immolation
 q - 7 scrolls of enchant weapon
 B - 3 scrolls of fear
 R - 11 scrolls of remove curse
 S - 6 scrolls of teleportation
 X - a scroll of vulnerability
Potions
 a - 3 potions of magic
 c - 2 potions of invisibility
 d - 9 potions of might
 e - 2 potions of brilliance
 h - 4 potions of haste
 l - 5 potions of flight
 o - a potion of mutation
 r - 8 potions of lignification
 v - 11 potions of curing
 z - 2 potions of resistance
 C - 3 potions of ambrosia
 F - 4 potions of heal wounds
 J - 2 potions of cancellation
 K - 6 potions of berserk rage
Comestibles
 f - 42 rations
 x - 4 chunks of flesh


   Skills:
 + Level 17.0 Fighting
 - Level 14.1 Maces & Flails
 + Level 17.0 Armour
 - Level 15.0 Shields
 - Level 10.0 Invocations
 - Level 10.0 Evocations


You had 15 spell levels left.
You didn't know any spells.
Your spell library contained the following spells:

 Spells                   Type           Power        Failure   Level  Hunger
 Animate Skeleton         Necr           N/A          47%         1    ##.....
 Corona                   Hex            #......      47%         1    ##.....
 Pain                     Necr           #...         47%         1    ##.....
 Ensorcelled Hibernation  Hex/Ice        #.....       63%         2    ###....
 Call Canine Familiar     Summ           #.......     85%         3    ####...
 Confuse                  Hex            #.......     85%         3    ####...
 Dazzling Spray           Conj/Hex       #.....       85%         3    ####...
 Regeneration             Chrm/Necr      #.........   85%         3    ####...
 Summon Guardian Golem    Hex/Summ       #.......     85%         3    ####...
 Tukima's Dance           Hex            #.......     85%         3    ####...
 Vampiric Draining        Necr           #.........   85%         3    ####...
 Animate Dead             Necr           N/A          99%         4    #####..
 Summon Lightning Spire   Summ/Air       #.......     99%         4    #####..
 Death Channel            Necr           #.........   100%        6    #######


Dungeon Overview and Level Annotations

Branches:
Dungeon (15/15)            Temple (1/1) D:6            Lair (6/6) D:10
  Swamp (3/4) Lair:2        Snake (0/4) Lair:4        Slime (0/5) Lair:6
    Orc (2/2) D:9             Elf (0/3) Orc:2        Vaults (0/5) D:13
 Depths (0/5) D:15

Altars:
Ashenzari
Cheibriados
Dithmenos
Elyvilon
Fedhas
Gozag
Hepliaklqana
Kikubaaqudgha
Makhleb
Nemelex Xobeh
Okawaru
Qazlal
Ru
Sif Muna
Trog
Uskayaw
Vehumet
Wu Jian
Xom
Yredelemnul
Zin
The Shining One

Shops:
D:15 *   Orc:1 [   Orc:2 :((!

Annotations:
Lair:1 exclusions: plant and 1 more exclusion
Lair:2 exclusion: electric eel
Lair:4 exclusions: plant and 2 more exclusions
Swamp:3 Kirke


Innate Abilities, Weirdness & Mutations

((You reflexively headbutt those who attack you in melee.))
((You have a pair of horns on your head.))
((Your flesh is heat resistant. (rF+)))
((Your system is resistant to poisons. (rPois)))
((You are covered in fur. (AC +1)))
Your muscles are strong. (Str +2)


Message History

You hit Kirke.
Kirke is moderately wounded.
The manticore closely misses you. You block the manticore's attack.
The manticore claws you! The spiny frog barely misses you.
You bite Kirke!
Kirke is moderately wounded.
Kirke hits you with a +0 whip! The manticore barely misses you.
The manticore closely misses you. The manticore misses you.
The spiny frog stings you!!
* * * LOW HITPOINT WARNING * * *
You hit Kirke but do no damage.
Kirke is moderately wounded.
Kirke barely misses you. The manticore bites you!
* * * LOW HITPOINT WARNING * * *
You block the manticore's attack. The manticore claws you!
* * * LOW HITPOINT WARNING * * *
You hit Kirke.
Kirke is moderately wounded.
The spiny frog closely misses you. The swamp dragon bites you!
You die...

♣♣≈.≈≈≈≈≈≈.≈≈≈≈≈≈..≈ ♣
≈.≈≈..≈≈≈≈≈....≈≈≈≈...♣♣
.≈≈≈≈.≈≈≈≈≈≈≈.≈..≈≈≈..†.
.≈≈≈≈≈≈≈≈≈≈≈≈.♣ ♣♣♣.≈≈≈≈
.≈≈≈≈≈≈≈≈..≈≈≈♣ ♣≈≈≈.≈
≈≈≈§≈≈≈≈≈.≈≈≈♣♣ ♣.≈≈..
≈≈.≈≈≈≈≈≈≈°...♣ ♣♣≈♣♣.
≈≈...≈H≈D≈.≈≈.♣ ♣♣..≈
≈>...h@h†..≈≈.♣♣ ♣♣≈≈≈
≈..≈≈h♣♣F≈≈≈.♣≈♣♣ ♣...≈
≈..≈. ♣♣≈≈≈.♣♣≈♣♣♣♣.§♣♣
.... ♣.≈§≈.≈..≈♣♣.≈♣♣≈
≈≈≈ .≈≈≈≈.≈.≈≈.♣♣...♣.
.≈ .≈♣♣.≈..≈.≈♣♣..≈.. .
♣≈...≈≈....♣≈.≈§≈.♣
.≈≈≈≈≈≈≈.♣♣..§≈.♣♣
.≈≈≈≈≈≈≈.♣♣♣♣.≈≈..


You could see Kirke, a swamp dragon, a manticore, a spiny frog and 2 hogs.

Vanquished Creatures
  A tentacled monstrosity (Swamp:2)
  Rupert (Lair:3)
  Gastronok (Lair:3)
  A fire giant (D:15)
  Louise (D:14)
  Aizul (Swamp:3)
  2 stone giants
  Nessos (Orc:2)
  Azrael (D:13)
  A red draconian (Volcano)
  A minotaur (Gauntlet)
  Snorg (Lair:6)
  A fire dragon (D:15)
  Erolcha (D:12)
  Josephine (D:9)
  An ogre mage (D:13)
  4 vault guards (D:13)
  7 hydras
  Fannar (Lair:3)
  A merfolk avatar (Lair:6)
  2 catoblepae (Lair:4)
  4 centaur warriors
  A shambling mangrove (Swamp:1)
  8 alligators
  A queen ant (Gauntlet)
  6 two-headed ogres
  3 tengu warriors
  5 orc high priests (Orc:2)
  Sonja (Lair:6)
  A salamander mystic (Volcano)
  3 unseen horrors
  2 spriggan druids (Swamp:3)
  3 swamp dragons
  Pikel (D:4)
  A harpy (Lair:6)
  2 wizards
  A wolf spider zombie (D:15)
  6 orc knights
  13 ugly things
  An orc sorcerer (D:9)
  4 manticores
  3 cyclopes
  4 salamanders (Volcano)
  2 centaur zombies
  15 elephants
  3 black mambas
  2 molten gargoyles (Volcano)
  6 gargoyles
  19 spiny frogs
  4 rime drakes
  12 komodo dragons
  3 tengu conjurers
  A queen bee (Gauntlet)
  2 wind drakes (Lair:6)
  7 trolls
  6 tyrant leeches
  Grinder (D:6)
  6 polar bears (Lair:6)
  14 blink frogs
  16 slime creatures
  9 hornets
  5 hippogriffs
  7 bog bodies
  2 spriggans
  6 shadows
  2 fire bats (Volcano)
  4 wyverns
  6 wraiths
  Grum (D:10)
  A basilisk (Lair:5)
  24 yaks
  2 fire elementals
  5 hungry ghosts
  2 hogs (Swamp:3)
  7 vampire mosquitoes
  5 soldier ants (Gauntlet)
  4 wargs
  11 insubstantial wisps
  Duvessa (D:5)
  2 nagas (Lair:4)
  6 hell hounds (D:13)
  8 swamp worms
  8 porcupines
  8 water moccasins
  41 orc warriors
  4 sky beasts
  2 swamp drakes (Swamp:2)
  5 ice beasts
  4 slaves (D:4)
  2 black bears
  12 centaurs
  9 ogres
  3 phantoms
  An eye of draining (D:10)
  A necrophage (D:12)
  34 wolves
  12 crocodiles
  3 big kobolds
  22 bullfrogs
  A gnoll sergeant (D:6)
  Dowan (D:5)
  3 scorpions
  A water moccasin skeleton (D:7)
  A hornet simulacrum (D:15)
  11 killer bees
  8 wights
  3 electric eels
  6 howler monkeys
  8 lava snakes
  6 crimson imps
  3 jellies
  44 orc priests
  A bullfrog skeleton (D:6)
  9 hounds
  33 orc wizards
  A bullfrog zombie (D:12)
  5 centaur skeletons
  A gnoll shaman (D:7)
  Ijyb (D:3)
  15 worker ants
  A killer bee zombie (D:6)
  A hound skeleton (D:4)
  A worker ant zombie (D:8)
  25 gnolls
  15 adders
  2 shadow imps
  An adder zombie (D:7)
  2 oozes
  4 dart slugs
  6 leopard geckos
  117 orcs
  2 ball pythons
  9 bats
  9 giant cockroaches
  7 goblins
  8 hobgoblins
  6 jackals (D:1)
  19 kobolds
  5 quokkas
  6 frilled lizards
  A leopard gecko skeleton (D:6)
  A quokka skeleton (D:6)
  10 rats
  A fire vortex (D:14)
  A fungus (Lair:2)
  A plant (Lair:4)
939 creatures vanquished.

Vanquished Creatures (others)
  A centaur warrior (D:15)
  3 cyclopes
  A bog body (Lair:2)
  An orc priest (Orc:1)
  An orc (Orc:1)
  A quokka skeleton (D:9)
  11 fungi
  11 plants
  6 toadstools (Lair:4)
36 creatures vanquished.

Grand Total: 975 creatures vanquished

Notes
Turn   | Place    | Note
-------+----------+-------------------------------------------
     0 | D:1      | Gynju the Minotaur Fighter began the quest for the Orb.
     0 | D:1      | Reached XP level 1. HP: 19/19 MP: 0/0
   103 | D:1      | Reached XP level 2. HP: 18/26 MP: 1/1
   559 | D:1      | Reached XP level 3. HP: 31/31 MP: 2/2
  1184 | D:2      | HP: 1/31 [poisoned by an adder]
  1185 | D:2      | Gained mutation: You evolve. [potion of mutation]
  1185 | D:2      | Gained mutation: Your flesh is heat resistant. (rF+)
                  | [potion of mutation]
  1437 | D:2      | Reached XP level 4. HP: 32/39 MP: 3/3
  1648 | D:2      | Reached skill level 5 in Shields
  2058 | D:3      | Gained mutation: Your system is resistant to poisons.
                  | (rPois) [evolution]
  2089 | D:3      | Reached XP level 5. HP: 45/45 MP: 4/4
  2256 | D:3      | Reached skill level 5 in Maces & Flails
  2596 | D:3      | Noticed a sky beast
  2636 | D:3      | Killed a sky beast
  2636 | D:3      | Reached XP level 6. HP: 37/51 MP: 5/5
  2732 | D:3      | Noticed a hippogriff
  2760 | D:3      | Killed a hippogriff
  2863 | D:3      | Found a snail-covered altar of Cheibriados.
  2863 | D:3      | Found a glowing silver altar of Zin.
  2870 | D:3      | Found a faded altar of an unknown god.
  2872 | D:3      | Found a basalt altar of Yredelemnul.
  2874 | D:3      | Found an iron altar of Okawaru.
  2877 | D:3      | Became a worshipper of Warmaster Okawaru
  2956 | D:3      | Noticed Ijyb
  2975 | D:3      | Killed Ijyb
  2975 | D:3      | Reached XP level 7. HP: 52/57 MP: 6/6
  3647 | D:4      | Noticed Pikel
  3671 | D:4      | Killed Pikel
  3671 | D:4      | Reached * piety under Okawaru
  3671 | D:4      | Reached ** piety under Okawaru
  3671 | D:4      | Reached XP level 8. HP: 64/64 MP: 7/7
  4143 | D:5      | Entered Level 5 of the Dungeon
  4502 | D:5      | Reached skill level 10 in Shields
  4530 | D:5      | Reached skill level 10 in Maces & Flails
  4705 | D:5      | Reached XP level 9. HP: 70/70 MP: 8/8
  4721 | D:5      | Reached *** piety under Okawaru
  4726 | D:5      | Gained mutation: You are clumsy. (Dex -2) [evolution]
  4802 | D:5      | Noticed Duvessa
  4807 | D:5      | Noticed Dowan
  4819 | D:5      | Killed Duvessa
  4831 | D:5      | Killed Dowan
  5207 | D:6      | Noticed Grinder
  5219 | D:6      | Killed Grinder
  5552 | D:6      | Found a staircase to the Ecumenical Temple.
  5595 | Temple   | Entered the Ecumenical Temple
  6409 | D:7      | HP: 1/70 [gnoll/+0 halberd (7)]
  6923 | D:7      | Reached **** piety under Okawaru
  6923 | D:7      | Reached XP level 10. HP: 55/77 MP: 9/9
  7480 | D:8      | Found an opulent altar of Gozag.
  8080 | D:8      | Identified the +7 spear of Invincibility {distort, Int+4}
                  | (You found it on level 8 of the Dungeon)
  8746 | D:9      | Reached ***** piety under Okawaru
  8759 | D:9      | Noticed a two-headed ogre
  8814 | D:9      | Reached skill level 1 in Invocations
  8915 | D:9      | Killed a two-headed ogre
  8915 | D:9      | Reached skill level 1 in Evocations
  9053 | D:9      | Lost mutation: You are clumsy. (Dex -2) [evolution]
  9164 | D:9      | Found a staircase to the Orcish Mines.
  9207 | D:9      | Noticed a two-headed ogre
  9224 | D:9      | Killed a two-headed ogre
  9224 | D:9      | Reached skill level 5 in Fighting
  9224 | D:9      | Reached skill level 5 in Armour
  9582 | D:9      | Received a gift from Okawaru
  9582 | D:9      | Reached XP level 11. HP: 68/86 MP: 12/12
  9583 | D:9      | Found the +6 shillelagh "Devastator" {shatter}
  9959 | D:10     | Entered Level 10 of the Dungeon
  9961 | D:10     | Noticed Grum
 10854 | D:10     | Killed Grum
 11125 | D:10     | Killed an unseen horror
 11252 | D:10     | Found a staircase to the Lair.
 11302 | D:10     | Upgraded the game from 0.24-a0-441-g27f0392e16 to
                  | 0.24-a0-446-g87df7205b4
 11460 | Lair:1   | Entered Level 1 of the Lair of Beasts
 11530 | Lair:1   | Received a gift from Okawaru
 11579 | Lair:1   | Noticed a four-headed hydra
 11587 | Lair:1   | Killed a four-headed hydra
 12403 | Lair:2   | Reached XP level 12. HP: 94/97 MP: 14/14
 12481 | Lair:2   | Found a staircase to the Swamp.
 12520 | Lair:2   | Gained mutation: Potions are less effective at restoring
                  | your health. [evolution]
 13541 | Lair:3   | Noticed Gastronok
 13547 | Lair:3   | Killed Gastronok
 13547 | Lair:3   | Reached skill level 15 in Shields
 13547 | Lair:3   | Reached skill level 5 in Invocations
 13635 | Lair:3   | Reached ****** piety under Okawaru
 13641 | Lair:3   | Reached skill level 5 in Evocations
 13752 | Lair:3   | Received a gift from Okawaru
 13786 | Lair:3   | Got a pair of fine boots {god gift}
 13797 | Lair:3   | Identified the +0 pair of boots "Lafy Lis" {+Blink Int+2}
                  | (Okawaru gifted it to you on level 3 of the Lair of Beasts)
 13909 | Lair:3   | Noticed Fannar
 13935 | Lair:3   | Killed Fannar
 14190 | Lair:3   | Noticed Rupert
 14200 | Lair:3   | Killed Rupert
 14200 | Lair:3   | Reached XP level 13. HP: 111/111 MP: 16/16
 14678 | Lair:4   | Found a staircase to the Snake Pit.
 14760 | Lair:4   | Found the +5 demon whip "Spellbinder" {antimagic, MR+}
 14780 | Lair:4   | Found a runed translucent door.
 14904 | Lair:4   | Found a dark tunnel.
 14921 | Volcano  | Entered a volcano
 15236 | Volcano  | Found a bloodstained altar of Trog.
 15246 | Volcano  | Reached skill level 10 in Fighting
 15249 | Volcano  | Noticed a red draconian
 15254 | Volcano  | Reached skill level 10 in Armour
 15272 | Volcano  | Killed a red draconian
 16200 | Lair:5   | Received a gift from Okawaru
 16493 | Lair:5   | Received a gift from Okawaru
 16809 | Lair:6   | Entered Level 6 of the Lair of Beasts
 16850 | Lair:6   | Noticed Snorg
 16864 | Lair:6   | Killed Snorg
 16971 | Lair:6   | Gained mutation: Your muscles are strong. (Str +2)
                  | [evolution]
 16990 | Lair:6   | Found an opulent altar of Gozag.
 17069 | Lair:6   | Reached XP level 14. HP: 109/124 MP: 16/19
 17073 | Lair:6   | Noticed Sonja
 17080 | Lair:6   | Killed Sonja
 17098 | Lair:6   | Found a gate leading to a gauntlet.
 17132 | Lair:6   | Paralysed by a hornet for 3 turns
 17150 | Gauntlet | Entered a Gauntlet
 17150 | Gauntlet | Found a transporter.
 17150 | Gauntlet | Found a transporter.
 17332 | Gauntlet | Found a transporter.
 17335 | Gauntlet | Found a transporter.
 17335 | Gauntlet | Found a transporter.
 17345 | Gauntlet | Found a transporter.
 17360 | Gauntlet | Found a transporter.
 17367 | Gauntlet | Found a transporter.
 17385 | Gauntlet | Found a transporter.
 17393 | Gauntlet | Found a transporter.
 17410 | Gauntlet | Found a transporter.
 17461 | Gauntlet | Found a transporter.
 18039 | Lair:6   | Found a staircase to the Slime Pits.
 18205 | Lair:6   | Got a wavering marble ring
 18321 | Lair:6   | Identified the ring "Oppyreedd" {rElec rC+ Int+5} (You
                  | found it on level 6 of the Lair of Beasts)
 18604 | Lair:4   | Identified the Disquisition on Creative Dark Secrets
 18662 | Lair:4   | Gained mutation: You are covered in fur. (AC +1)
                  | [evolution]
 18933 | Orc:1    | Entered Level 1 of the Orcish Mines
 18933 | Orc:1    | Noticed Josephine
 19074 | D:9      | Received a gift from Okawaru
 19232 | D:9      | Killed Josephine
 19546 | Orc:1    | Found Enenaic's Armour Shop.
 19643 | Orc:1    | Noticed a stone giant
 19655 | Orc:1    | Killed a stone giant
 19965 | Orc:2    | Entered Level 2 of the Orcish Mines
 20070 | Orc:2    | Found a staircase to the Elven Halls.
 20083 | Orc:2    | Noticed a stone giant
 20104 | Orc:2    | Killed a stone giant
 20130 | Orc:2    | Noticed Nessos
 20139 | Orc:2    | Killed Nessos
 20875 | Orc:2    | Reached skill level 10 in Invocations
 20949 | Orc:2    | Reached XP level 15. HP: 91/134 MP: 14/21
 21105 | Orc:2    | Found Akaxzeom's Book Shop.
 21108 | Orc:2    | Found Juziecox's Weapon Boutique.
 21109 | Orc:2    | Found Maadimes's Distillery.
 21110 | Orc:2    | Found Xiom's Antique Weapon Shop.
 21946 | D:11     | Found a shimmering altar of Xom.
 22102 | D:11     | Reached skill level 10 in Evocations
 22509 | D:12     | Noticed Erolcha
 22514 | D:12     | Killed Erolcha
 22710 | D:12     | Received a gift from Okawaru
 23223 | D:13     | Lost mutation: Potions are less effective at restoring your
                  | health. [evolution]
 23379 | D:13     | You fall into a shaft and drop 2 floors!
 23379 | D:15     | Entered Level 15 of the Dungeon
 23536 | D:15     | Found Egyl's Changing Room.
 23684 | D:15     | Found a staircase to the Depths.
 23686 | D:15     | Noticed a fire giant
 23716 | D:15     | Killed a fire giant
 23939 | D:15     | Received a gift from Okawaru
 24233 | D:14     | Lost mutation: You evolve. [evolution]
 24361 | D:14     | Noticed Louise
 24376 | D:14     | Killed Louise
 24408 | D:14     | Found a white marble altar of Elyvilon.
 24579 | D:14     | Reached skill level 15 in Fighting
 24744 | D:14     | Reached skill level 15 in Armour
 25205 | D:13     | Noticed Azrael
 25219 | D:13     | Killed Azrael
 25276 | D:13     | Reached XP level 16. HP: 117/149 MP: 22/22
 25295 | D:13     | Found a gate to the Vaults.
 25677 | Swamp:1  | Entered Level 1 of the Swamp
 26620 | Swamp:2  | Received a gift from Okawaru
 26848 | Swamp:2  | You are sucked into a shaft and drop 1 floor!
 26870 | Swamp:3  | Noticed Aizul
 26884 | Swamp:3  | Killed Aizul
 27240 | Swamp:2  | Noticed a tentacled monstrosity
 27265 | Swamp:2  | Killed a tentacled monstrosity
 27793 | Swamp:3  | Received a gift from Okawaru
 27813 | Swamp:3  | Identified the +1 lajatang "Gasauzam" {speed, *Corrode rC+
                  | Dex+7} (Okawaru gifted it to you on level 3 of the Swamp)
 27889 | Swamp:3  | Noticed Kirke
 27905 | Swamp:3  | HP: 5/155 [manticore[Kirke] (9)]
 27906 | Swamp:3  | Slain by a swamp dragon

Levels and vault maps discovered:
D:1:      giann_forest_graveyard, layout_loops_ring
D:2:      layout_loops_ring
D:3:      layout_rooms, chequers_temple_overflow_minitemple, uniq_ijyb
D:4:      wad_river_or_something, layout_basic, first_ration, uniq_pikel
D:5:      layout_loops_ring, serial_park_tiny_1, uniq_duvessa
D:6:      layout_rooms, temple_doors_ab, uniq_grinder
D:7:      layout_rooms
D:8:      layout_cave_pools, basic_altar
D:9:      layout_basic, erik_orc_4
D:10:     layout_rooms, lair_entry_dummy, uniq_grum
D:11:     layout_gridville, grunt_pizzeria, chequers_mini_garden,
          xom_teletrap_fun
D:12:     layout_roguey, special_room [special_room_orc], uniq_erolcha
D:13:     layout_roguey, grunt_vaults_entry_fortified, uniq_azrael
D:14:     layout_grid_maze, elyvilon_altar_4, kennysheep_boxes, uniq_louise
D:15:     grunt_enter_depths_giant_problem, layout_irregular_city,
          minmay_misc_feat_iff, nicolae_transmutations_shop
Temple:   regret_index_temple_mists
Lair:1:   layout_roguey, serial_bayou_shore_a, grunt_megastairs_4
Lair:2:   layout_gridlike, skrybe_swamp_entry_bodies, serial_rivers,
          chequers_serial_rivers_large_a, chequers_serial_rivers_room_b,
          chequers_serial_rivers_room_a, chequers_serial_rivers_micro_a,
          chequers_serial_rivers_small_a, chequers_serial_rivers_micro_c,
          serial_bayou_shore_b
Lair:3:   layout_loops_ring, chequers_serial_rivers_small_a,
          grunt_forest_large_clearings, grunt_megastairs_2, uniq_gastronok,
          uniq_rupert, uniq_fannar
Lair:4:   gammafunk_lair_enchanted_lake, layout_misc_corridors,
          minmay_snake_entry_guardpost_small, lightli_volcano_entry_magma_tube,
          serial_bayou_lagoon_a, lemuel_fruit_tree
Lair:5:   layout_cave_pods, infiniplex_staircase_pool_2
Lair:6:   gammafunk_lair_ancient_temple, layout_concentric_octagons,
          minmay_slime_entry_pillars, basic_altar, gauntlet_entry_generic,
          uniq_sonja, uniq_snorg
Swamp:1:  layout_basic_swamp, serial_swamp_ruin, evilmike_swamp_ruin_house_6,
          evilmike_swamp_ruin_house_5, hangedman_swamp_ruin_wall
Swamp:2:  cheibrodos_swamp_monstrosity, layout_basic_swamp, hangedman_swamp_pad
Swamp:3:  layout_basic_swamp, nicolae_swamp_treefoil, uniq_kirke, uniq_aizul
Orc:1:    layout_caves, serial_shops, nicolae_shop_trees, uniq_josephine
Orc:2:    st_orc_pillars, layout_diamond_mine, uniq_nessos

Skill      XL: |  1  2  3  4  5  6  7  8  9 10 11 12 13 14 15 16 |
---------------+-------------------------------------------------+-----
Shields        | 4 5 6 7 9 10 12 14 15 | 15.0
Maces & Flails | 3 4 5 6 9 10 12 14 | 14.1
Fighting       | 5 6 9 11 12 15 17 | 17.0
Armour         | 5 6 9 11 12 15 17 | 17.0
Invocations    | 2 4 6 8 10 | 10.0
Evocations     | 2 3 6 8 9 10 | 10.0

Action                   |  1- 3 |  4- 6 |  7- 9 | 10-12 | 13-15 | 16-18 || total
-------------------------+-------+-------+-------+-------+-------+-------++-------
Melee: Flail             |   116 |    24 |       |       |       |       ||   140
       Headbutt          |    11 |    25 |   102 |   110 |   256 |    60 ||   564
       Whip              |       |   134 |   544 |   361 |       |       ||  1039
       Shillelagh        |       |       |       |   293 |  1117 |   271 ||  1681
       Unarmed           |       |       |       |       |       |    11 ||    11
Throw: Stone             |       |     5 |       |       |       |       ||     5
Invok: Heroism           |       |       |     1 |     5 |     8 |     1 ||    15
       Finesse           |       |       |       |     1 |     6 |     1 ||     8
 Abil: Stop Flying       |       |       |       |       |       |     1 ||     1
  Use: Potion            |     6 |       |     1 |       |     1 |       ||     8
       Scroll            |       |       |     9 |     2 |    11 |     9 ||    31
 Stab: Petrified         |       |       |       |       |     2 |       ||     2
       Distracted        |       |       |       |       |     1 |       ||     1
  Eat: Chunk             |     2 |     4 |    10 |    38 |    28 |     6 ||    88
       Ration            |       |       |     1 |       |       |     1 ||     2
Armor: Scale mail        |    54 |       |       |       |       |       ||    54
       Chain mail        |       |    60 |    94 |       |       |       ||   154
       Plate armour      |       |       |    78 |   186 |   100 |       ||   364
       Crystal plate arm |       |       |       |       |   263 |   163 ||   426
Dodge: Dodged            |    45 |    21 |    90 |    70 |   144 |    43 ||   413
Block: Shield            |    60 |    68 |   233 |   364 |   633 |   174 ||  1532
       Reflection        |       |       |       |       |    48 |     3 ||    51
       Other             |       |       |       |       |       |     2 ||     2

Table legend:
 A = Non-vault XP
 B = Vault XP
 C = Vault XP percentage of total XP
 D = Non-vault monster count
 E = Vault monster count
 F = Vault count percentage of total count
                 A         B        C        D         E       F
            +---------+---------+-------+---------+---------+-------
      Total |  115155 |   76557 |  39.9 |     679 |     259 |  27.6
            +---------+---------+-------+---------+---------+-------
        D:1 |      62 |       0 |   0.0 |      32 |       0 |   0.0
        D:2 |     114 |       0 |   0.0 |      21 |       0 |   0.0
        D:3 |     535 |      35 |   6.1 |      28 |       1 |   3.4
        D:4 |     443 |     866 |  66.2 |      18 |       7 |  28.0
        D:5 |    1169 |     235 |  16.7 |      33 |       2 |   5.7
        D:6 |     952 |     290 |  23.3 |      26 |       1 |   3.7
        D:7 |    1604 |       0 |   0.0 |      36 |       0 |   0.0
        D:8 |    1629 |       3 |   0.2 |      34 |       1 |   2.9
        D:9 |    5066 |    2730 |  35.0 |      40 |      23 |  36.5
       D:10 |    3201 |     201 |   5.9 |      35 |       1 |   2.8
       D:11 |    4947 |     130 |   2.6 |      22 |       1 |   4.3
       D:12 |    3650 |    2163 |  37.2 |      24 |      24 |  50.0
       D:13 |    4609 |    9703 |  67.8 |      19 |      18 |  48.6
       D:14 |    7153 |    1696 |  19.2 |      27 |       1 |   3.6
       D:15 |   14112 |    1870 |  11.7 |      29 |       1 |   3.3
     Lair:1 |    4217 |    1391 |  24.8 |      19 |       6 |  24.0
     Lair:2 |    2400 |     840 |  25.9 |      13 |       3 |  18.8
     Lair:3 |    5625 |    9284 |  62.3 |      18 |      27 |  60.0
     Lair:4 |    5400 |    4596 |  46.0 |      18 |      10 |  35.7
     Lair:5 |    4562 |       0 |   0.0 |      19 |       0 |   0.0
     Lair:6 |    5121 |   13153 |  72.0 |      24 |      33 |  57.9
    Swamp:1 |   10342 |       0 |   0.0 |      36 |       0 |   0.0
    Swamp:2 |   13537 |    3172 |  19.0 |      30 |       1 |   3.2
    Swamp:3 |    9171 |    1907 |  17.2 |      17 |       3 |  15.0
      Orc:1 |    2964 |       0 |   0.0 |      40 |       0 |   0.0
      Orc:2 |    2570 |   11267 |  81.4 |      21 |      63 |  75.0
    Volcano |       0 |    5551 | 100.0 |       0 |      15 | 100.0
   Gauntlet |       0 |    5474 | 100.0 |       0 |      17 | 100.0
            +---------+---------+-------+---------+---------+-------
